[ AOE2 MATCH · #495849535 ]
UnrankedPoles vs Hindustanis
Player's team · WIN
[ REPLAY ANALYSIS · EXTRACTED FROM THE RECORDED GAME ]
Feudal
9:16
Castle
19:06
Imperial
—
| APM avg | 43.4 |
| APM peak | 90 |
| eAPM avg | 18.2 |
| Villagers / military | 52 / 29 |
Focus
⚔️ 37.0% · 🌾 63.0%
Cavalry Archer ×20 · Militia ×7 · Archer ×2
Feudal
14:05
Castle
22:43
Imperial
—
| APM avg | 48.0 |
| APM peak | 94 |
| eAPM avg | 29.6 |
| Villagers / military | 37 / 5 |
Focus
⚔️ 62.2% · 🌾 37.8%
Fishing Ship ×9 · Camel Scout ×3 · Scout Cavalry ×2
Match map
Initial resources + every placement click. Lines = walls · curves = elevation contours. ◆ gold · ⬟ stone · ● berries · ✦ relic · ◌ wall gap
Your base· ✓ Closed at 19:06 · 60t walls · no gate
MrTempo's base· Open — opponent sealed themselves in
Smoothed initial terrain · ◌ = detected wall gap · hover for details
Inputs per minute
— Pato Lucas - - MrTempo
Build order — Pato Lucas
142 actions detected in the replay
| 0:00 | Create | Villager (Male) |
| 0:00 | Create | Villager (Male) |
| 0:00 | Create | Villager (Male) |
| 0:01 | Create | Villager (Male) |
| 0:01 | Create | Villager (Male) |
| 0:02 | Build | House |
| 0:04 | Build | House |
| 1:27 | Create | Villager (Male) |
| 1:56 | Create | Villager (Male) |
| 1:58 | Build | Lumber Camp |
| 2:16 | Create | Villager (Male) |
| 2:38 | Create | Villager (Male) |
| 2:38 | Create | Villager (Male) |
| 3:05 | Create | Villager (Male) |
| 3:35 | Create | Villager (Male) |
| 3:52 | Build | House |
| 3:56 | Create | Villager (Male) |
| 4:20 | Create | Villager (Male) |
| 4:41 | Create | Villager (Male) |
| 4:53 | Build | Barracks |
| 5:07 | Create | Villager (Male) |
| 5:11 | Create | Villager (Male) |
| 5:18 | Build | House |
| 5:57 | Create | Militia |
| 5:57 | Create | Militia |
| 5:59 | Create | Militia |
| 6:04 | Create | Villager (Male) |
| 6:04 | Research | Loom |
| 6:39 | Build | Mill |
| 7:06 | Research | Feudal Age |
| 7:30 | Create | Militia |
| 7:50 | Create | Militia |
| 7:50 | Create | Militia |
| 8:02 | Create | Militia |
| 8:32 | Build | Mill |
| 8:46 | Create | Villager (Male) |
| 8:58 | Create | Villager (Male) |
| 9:16 | Age | Feudal Age |
| 9:35 | Research | Man-at-Arms (upgrade) |
| 9:38 | Create | Villager (Male) |
| 9:39 | Create | Villager (Male) |
| 9:58 | Create | Villager (Male) |
| 10:01 | Build | Farm |
| 10:01 | Build | Farm |
| 10:02 | Build | Farm |
| 10:02 | Build | Farm |
| 10:32 | Create | Villager (Male) |
| 10:33 | Create | Villager (Male) |
| 10:42 | Create | Villager (Male) |
| 11:05 | Build | Archery Range |
| 11:07 | Create | Villager (Male) |
| 11:14 | Build | Stone Wall |
| 11:17 | Create | Villager (Male) |
| 11:38 | Build | Mining Camp |
| 11:39 | Create | Villager (Male) |
| 11:52 | Build | Palisade Wall |
| 11:56 | Build | House |
| 11:57 | Create | Villager (Male) |
| 12:03 | Create | Villager (Male) |
| 12:17 | Research | Double-Bit Axe |
| 12:17 | Research | Double-Bit Axe |
| 12:19 | Create | Villager (Male) |
| 12:34 | Build | Stone Wall |
| 12:47 | Build | Stone Wall |
| 12:57 | Build | Stone Wall |
| 13:01 | Create | Villager (Male) |
| 13:23 | Create | Villager (Male) |
| 13:38 | Build | Farm |
| 13:42 | Create | Archer |
| 13:55 | Create | Villager (Male) |
| 13:57 | Build | Mining Camp |
| 14:11 | Create | Archer |
| 14:23 | Create | Villager (Male) |
| 14:26 | Build | Farm |
| 14:29 | Build | Farm |
| 14:37 | Create | Villager (Male) |
| 15:11 | Build | Blacksmith |
| 15:33 | Create | Villager (Male) |
| 15:43 | Build | Farm |
| 16:26 | Research | Castle Age |
| 16:33 | Build | Archery Range |
| 17:04 | Build | Lumber Camp |
| 17:26 | Research | Horse Collar |
| 17:41 | Build | House |
| 17:46 | Research | Fletching |
| 18:20 | Build | Archery Range |
| 18:26 | Build | Farm |
| 18:37 | Build | Farm |
| 18:53 | Build | House |
| 19:06 | Age | Castle Age |
| 19:07 | Create | Cavalry Archer |
| 19:07 | Create | Cavalry Archer |
| 19:08 | Create | Cavalry Archer |
| 19:08 | Create | Cavalry Archer |
| 19:08 | Create | Villager (Male) |
| 19:12 | Create | Cavalry Archer |
| 19:15 | Research | Bodkin Arrow |
| 19:16 | Research | Bodkin Arrow |
| 19:16 | Create | Cavalry Archer |
| 19:16 | Create | Cavalry Archer |
| 19:19 | Build | Farm |
| 19:20 | Create | Villager (Male) |
| 19:36 | Build | Farm |
| 19:42 | Create | Villager (Male) |
| 19:48 | Create | Cavalry Archer |
| 19:50 | Create | Villager (Male) |
| 20:06 | Create | Villager (Male) |
| 20:13 | Create | Cavalry Archer |
| 20:22 | Build | House |
| 20:24 | Create | Cavalry Archer |
| 20:45 | Create | Cavalry Archer |
| 20:46 | Create | Villager (Male) |
| 20:51 | Create | Villager (Male) |
| 20:57 | Build | House |
| 20:58 | Build | House |
| 21:15 | Create | Cavalry Archer |
| 21:15 | Create | Cavalry Archer |
| 21:19 | Create | Villager (Male) |
| 21:20 | Create | Villager (Male) |
| 21:26 | Build | Castle |
| 21:27 | Create | Cavalry Archer |
| 21:49 | Create | Villager (Male) |
| 21:52 | Create | Cavalry Archer |
| 22:11 | Create | Cavalry Archer |
| 22:15 | Build | House |
| 22:34 | Create | Villager (Male) |
| 22:36 | Build | Mill |
| 22:37 | Build | Farm |
| 22:37 | Build | Farm |
| 22:37 | Build | Farm |
| 22:37 | Build | Farm |
| 22:38 | Build | Farm |
| 22:38 | Build | Farm |
| 22:39 | Create | Cavalry Archer |
| 22:55 | Create | Cavalry Archer |
| 23:13 | Create | Villager (Male) |
| 23:15 | Build | Farm |
| 23:18 | Build | Farm |
| 23:24 | Create | Cavalry Archer |
| 23:37 | Create | Cavalry Archer |
| 23:44 | Create | Villager (Male) |
| 23:44 | Create | Villager (Male) |
Build order — MrTempo
130 actions detected in the replay
| 0:02 | Create | Villager (Male) |
| 0:02 | Create | Villager (Male) |
| 0:02 | Create | Villager (Male) |
| 0:02 | Create | Villager (Male) |
| 0:04 | Build | House |
| 0:05 | Build | House |
| 1:12 | Create | Villager (Male) |
| 1:32 | Create | Villager (Male) |
| 1:32 | Create | Villager (Male) |
| 2:17 | Create | Villager (Male) |
| 2:18 | Create | Villager (Male) |
| 2:31 | Create | Villager (Male) |
| 2:40 | Build | Lumber Camp |
| 3:01 | Create | Villager (Male) |
| 3:25 | Create | Villager (Male) |
| 3:51 | Build | House |
| 3:52 | Build | House |
| 3:57 | Create | Villager (Male) |
| 3:57 | Create | Villager (Male) |
| 4:12 | Create | Villager (Male) |
| 4:50 | Create | Villager (Male) |
| 4:51 | Create | Villager (Male) |
| 5:04 | Build | Dock |
| 5:31 | Create | Villager (Male) |
| 5:31 | Create | Villager (Male) |
| 5:53 | Create | Fishing Ship |
| 6:30 | Create | Fishing Ship |
| 6:32 | Create | Villager (Male) |
| 6:32 | Create | Villager (Male) |
| 6:47 | Build | House |
| 7:06 | Create | Fishing Ship |
| 7:19 | Create | Villager (Male) |
| 7:29 | Build | House |
| 7:47 | Create | Fishing Ship |
| 7:56 | Research | Loom |
| 8:10 | Build | Lumber Camp |
| 8:23 | Create | Villager (Male) |
| 8:27 | Create | Fishing Ship |
| 8:48 | Create | Fishing Ship |
| 8:49 | Create | Villager (Male) |
| 9:59 | Build | Palisade Wall |
| 10:02 | Build | House |
| 10:09 | Build | Palisade Gate |
| 10:11 | Build | Palisade Wall |
| 10:12 | Build | Palisade Wall |
| 10:52 | Build | Mill |
| 11:03 | Create | Fishing Ship |
| 11:55 | Research | Feudal Age |
| 12:09 | Create | Fishing Ship |
| 12:25 | Build | Palisade Wall |
| 12:26 | Build | Palisade Wall |
| 12:29 | Build | Palisade Wall |
| 12:30 | Build | Palisade Wall |
| 12:37 | Build | Palisade Wall |
| 13:12 | Build | Mill |
| 13:34 | Build | Barracks |
| 13:43 | Create | Villager (Male) |
| 14:05 | Age | Feudal Age |
| 14:07 | Build | Fish Trap |
| 14:10 | Build | Fish Trap |
| 14:13 | Build | Fish Trap |
| 14:15 | Build | Fish Trap |
| 14:18 | Build | Fish Trap |
| 14:36 | Build | Fish Trap |
| 14:39 | Create | Villager (Male) |
| 14:39 | Create | Villager (Male) |
| 14:40 | Build | Fish Trap |
| 14:44 | Build | Fish Trap |
| 14:57 | Build | Fish Trap |
| 15:02 | Build | Fish Trap |
| 15:05 | Create | Villager (Male) |
| 15:13 | Build | Stable |
| 15:18 | Build | House |
| 15:23 | Research | Double-Bit Axe |
| 15:23 | Research | Horse Collar |
| 15:29 | Research | Tech 906 |
| 15:29 | Research | Tech 906 |
| 15:40 | Create | Villager (Male) |
| 15:54 | Build | Palisade Gate |
| 16:02 | Create | Villager (Male) |
| 16:20 | Build | Watch Tower |
| 16:23 | Create | Villager (Male) |
| 16:27 | Build | Blacksmith |
| 16:34 | Build | Farm |
| 16:44 | Create | Scout Cavalry |
| 16:44 | Create | Scout Cavalry |
| 17:02 | Build | Farm |
| 17:05 | Build | Farm |
| 17:08 | Build | Farm |
| 17:09 | Create | Villager (Male) |
| 17:13 | Research | Scale Barding Armor |
| 17:33 | Create | Villager (Male) |
| 17:41 | Build | Mining Camp |
| 17:46 | Build | Farm |
| 17:47 | Build | Farm |
| 17:51 | Create | Villager (Male) |
| 18:09 | Create | Fishing Ship |
| 18:18 | Build | Farm |
| 18:19 | Create | Villager (Male) |
| 18:22 | Build | Farm |
| 18:24 | Build | Farm |
| 18:28 | Build | Farm |
| 18:29 | Build | Farm |
| 18:40 | Build | House |
| 18:43 | Create | Villager (Male) |
| 19:12 | Build | House |
| 19:13 | Create | Villager (Male) |
| 19:34 | Build | House |
| 19:49 | Build | Fish Trap |
| 20:00 | Build | House |
| 20:00 | Build | House |
| 20:03 | Research | Castle Age |
| 20:11 | Build | Lumber Camp |
| 20:16 | Build | Farm |
| 20:19 | Build | Farm |
| 20:23 | Research | Gold Mining |
| 20:24 | Research | Gold Mining |
| 20:56 | Build | Mining Camp |
| 20:59 | Build | Mining Camp |
| 21:01 | Research | Bloodlines |
| 21:01 | Research | Bloodlines |
| 21:21 | Build | Palisade Wall |
| 21:39 | Build | House |
| 21:50 | Research | Forging |
| 21:53 | Build | Stable |
| 22:43 | Age | Castle Age |
| 23:00 | Build | House |
| 23:08 | Create | Camel Scout |
| 23:08 | Create | Camel Scout |
| 23:28 | Create | Camel Scout |
Match timeline
| 4:53 | Pato Lucas · first_building Barracks |
| 5:04 | MrTempo · first_building Dock |
| 9:16 | Pato Lucas · age_up feudal |
| 9:59 | MrTempo · wall_segment Palisade Wall x1 |
| 10:11 | MrTempo · wall_segment Palisade Wall x1 |
| 10:12 | MrTempo · wall_segment Palisade Wall x1 |
| 11:05 | Pato Lucas · first_building Archery Range |
| 11:14 | Pato Lucas · wall_segment Stone Wall x16 |
| 11:52 | Pato Lucas · wall_segment Palisade Wall x11 |
| 12:25 | MrTempo · wall_segment Palisade Wall x5 |
| 12:26 | MrTempo · wall_segment Palisade Wall x4 |
| 12:29 | MrTempo · wall_segment Palisade Wall x1 |
| 12:30 | MrTempo · wall_segment Palisade Wall x1 |
| 12:34 | Pato Lucas · wall_segment Stone Wall x13 |
| 12:37 | MrTempo · wall_segment Palisade Wall x11 |
| 12:47 | Pato Lucas · wall_segment Stone Wall x20 |
| 12:57 | Pato Lucas · wall_segment Stone Wall x6 |
| 13:34 | MrTempo · first_building Barracks |
| 14:05 | MrTempo · age_up feudal |
| 15:13 | MrTempo · first_building Stable |
| 19:06 | Pato Lucas · age_up castle |
| 21:21 | MrTempo · wall_segment Palisade Wall x1 |
| 21:26 | Pato Lucas · first_building Castle |
| 22:43 | MrTempo · age_up castle |
| 23:53 | MrTempo · resign |
[ AI ANALYSIS · 1 CREDIT ]
What really happened in this match?
Wolo.gg analyzes every decision: build order, eco, micro, common mistakes by bracket. Personalized analysis on WhatsApp or Discord in 30 seconds.
Civ guide
Poles
Perfil
Pato Lucas